[ AOE2 MATCH · #463564887 ]
1v1 RMPersians vs Khmer
Player's team · WIN
Rival team · LOSS
[ REPLAY ANALYSIS · EXTRACTED FROM THE RECORDED GAME ]
Feudal
10:08
Castle
20:50
Imperial
—
| APM avg | 40.1 |
| APM peak | 70 |
| eAPM avg | 19.6 |
| Villagers / military | 43 / 14 |
Focus
⚔️ 46.2% · 🌾 53.8%
Scout Cavalry ×8 · Archer ×6
Feudal
12:17
Castle
—
Imperial
—
| APM avg | 17.0 |
| APM peak | 34 |
| eAPM avg | 9.9 |
| Villagers / military | 34 / 14 |
Focus
⚔️ 10.6% · 🌾 89.4%
Spearman ×14
Match map
Resources at game start + every placement click. Thick line = wall · dashed box = detected house wall. 🟡 gold · ⚪ stone · 🟢 berries · 🔶 boar · ⭕ relic
Inputs per minute
— DL | EL CABALLERO TEMPLARIO - - goude vocht uit de hemel
Build order — DL | EL CABALLERO TEMPLARIO
113 actions detected in the replay
| 0:01 | Create | Villager (Male) |
| 0:01 | Create | Villager (Male) |
| 0:01 | Create | Villager (Male) |
| 0:01 | Create | Villager (Male) |
| 0:02 | Create | Villager (Male) |
| 0:04 | Build | House |
| 0:05 | Build | House |
| 0:31 | Research | Loom |
| 1:32 | Create | Villager (Male) |
| 1:44 | Build | Lumber Camp |
| 1:54 | Create | Villager (Male) |
| 1:54 | Create | Villager (Male) |
| 2:32 | Create | Villager (Male) |
| 2:32 | Create | Villager (Male) |
| 2:36 | Build | House |
| 2:53 | Create | Villager (Male) |
| 3:06 | Create | Villager (Male) |
| 3:43 | Create | Villager (Male) |
| 3:44 | Create | Villager (Male) |
| 3:46 | Create | Villager (Male) |
| 3:46 | Create | Villager (Male) |
| 4:04 | Build | Mill |
| 4:20 | Create | Villager (Male) |
| 5:17 | Create | Villager (Male) |
| 5:30 | Build | House |
| 5:41 | Create | Villager (Male) |
| 6:14 | Create | Villager (Male) |
| 6:28 | Build | Mining Camp |
| 6:47 | Create | Villager (Male) |
| 8:05 | Research | Feudal Age |
| 8:21 | Build | House |
| 9:06 | Build | Barracks |
| 10:08 | Age | Feudal Age |
| 10:12 | Research | Double-Bit Axe |
| 10:22 | Build | Stable |
| 10:23 | Create | Villager (Male) |
| 10:24 | Create | Villager (Male) |
| 10:24 | Create | Villager (Male) |
| 10:45 | Create | Villager (Male) |
| 10:45 | Create | Villager (Male) |
| 10:50 | Build | Farm |
| 10:52 | Research | Horse Collar |
| 11:08 | Create | Scout Cavalry |
| 11:14 | Create | Scout Cavalry |
| 11:24 | Build | Farm |
| 11:28 | Build | Farm |
| 11:38 | Build | Farm |
| 11:41 | Create | Villager (Male) |
| 12:02 | Research | Wheelbarrow |
| 12:25 | Build | House |
| 12:36 | Build | Farm |
| 12:56 | Build | Farm |
| 13:07 | Build | Farm |
| 13:18 | Create | Villager (Male) |
| 13:18 | Create | Villager (Male) |
| 13:27 | Build | Farm |
| 13:38 | Build | Farm |
| 13:53 | Build | Farm |
| 13:57 | Create | Villager (Male) |
| 14:19 | Build | Farm |
| 14:47 | Create | Villager (Male) |
| 14:47 | Create | Villager (Male) |
| 14:55 | Build | Blacksmith |
| 15:05 | Create | Villager (Male) |
| 15:05 | Create | Villager (Male) |
| 15:13 | Build | Farm |
| 15:20 | Build | Farm |
| 15:24 | Build | Farm |
| 15:43 | Build | Farm |
| 15:59 | Create | Villager (Male) |
| 16:00 | Create | Villager (Male) |
| 16:03 | Build | Farm |
| 16:23 | Build | Farm |
| 16:35 | Build | Archery Range |
| 16:36 | Create | Villager (Male) |
| 16:48 | Build | House |
| 17:12 | Build | Farm |
| 17:34 | Create | Archer |
| 17:35 | Create | Archer |
| 17:35 | Create | Archer |
| 17:35 | Create | Archer |
| 17:39 | Create | Villager (Male) |
| 17:40 | Create | Villager (Male) |
| 18:06 | Build | Farm |
| 18:16 | Research | Castle Age |
| 18:16 | Research | Castle Age |
| 18:20 | Build | House |
| 18:28 | Build | Farm |
| 18:37 | Research | Fletching |
| 18:49 | Build | Stable |
| 19:02 | Build | House |
| 19:29 | Research | Scale Barding Armor |
| 19:37 | Build | Stable |
| 19:48 | Research | Bloodlines |
| 20:04 | Create | Archer |
| 20:05 | Create | Archer |
| 20:18 | Research | Forging |
| 20:24 | Research | Gold Mining |
| 20:50 | Age | Castle Age |
| 20:52 | Create | Villager (Male) |
| 20:52 | Create | Villager (Male) |
| 20:52 | Create | Villager (Male) |
| 20:55 | Research | Light Cavalry (upgrade) |
| 20:59 | Create | Scout Cavalry |
| 20:59 | Create | Scout Cavalry |
| 20:59 | Create | Scout Cavalry |
| 21:00 | Create | Scout Cavalry |
| 21:09 | Build | Town Center |
| 21:23 | Research | Gold Mining |
| 21:33 | Create | Villager (Male) |
| 21:41 | Build | Lumber Camp |
| 22:07 | Create | Scout Cavalry |
| 22:07 | Create | Scout Cavalry |
Build order — goude vocht uit de hemel
90 actions detected in the replay
| 0:00 | Create | Villager (Male) |
| 0:00 | Create | Villager (Male) |
| 0:01 | Create | Villager (Male) |
| 0:05 | Build | House |
| 0:07 | Build | House |
| 0:30 | Research | Loom |
| 0:31 | Create | Villager (Male) |
| 0:36 | Research | Loom |
| 1:28 | Create | Villager (Male) |
| 1:50 | Build | Lumber Camp |
| 2:09 | Create | Villager (Male) |
| 2:25 | Create | Villager (Male) |
| 2:54 | Create | Villager (Male) |
| 3:00 | Build | House |
| 3:01 | Build | House |
| 3:13 | Create | Villager (Male) |
| 4:16 | Create | Villager (Male) |
| 4:57 | Build | Mill |
| 5:02 | Create | Villager (Male) |
| 5:02 | Create | Villager (Male) |
| 5:03 | Create | Villager (Male) |
| 6:01 | Build | Mining Camp |
| 6:05 | Create | Villager (Male) |
| 6:05 | Create | Villager (Male) |
| 6:06 | Create | Villager (Male) |
| 6:06 | Create | Villager (Male) |
| 7:49 | Create | Villager (Male) |
| 7:50 | Create | Villager (Male) |
| 7:51 | Create | Villager (Male) |
| 8:03 | Build | House |
| 8:04 | Build | House |
| 8:27 | Create | Villager (Male) |
| 9:23 | Build | Mining Camp |
| 9:37 | Create | Villager (Male) |
| 10:07 | Research | Feudal Age |
| 11:09 | Create | Villager (Male) |
| 11:09 | Create | Villager (Male) |
| 11:18 | Build | Barracks |
| 12:17 | Age | Feudal Age |
| 12:18 | Research | Double-Bit Axe |
| 12:20 | Research | Horse Collar |
| 12:39 | Create | Villager (Male) |
| 12:48 | Build | Farm |
| 12:57 | Create | Spearman |
| 12:58 | Create | Spearman |
| 12:58 | Create | Spearman |
| 12:58 | Create | Spearman |
| 13:11 | Build | Mining Camp |
| 13:47 | Create | Spearman |
| 14:53 | Create | Spearman |
| 15:21 | Build | Farm |
| 15:24 | Build | Farm |
| 15:49 | Create | Spearman |
| 15:58 | Build | House |
| 15:59 | Build | House |
| 16:08 | Create | Villager (Male) |
| 16:16 | Build | Farm |
| 16:20 | Build | Farm |
| 16:43 | Build | Farm |
| 16:52 | Build | Farm |
| 16:59 | Create | Villager (Male) |
| 17:21 | Build | Lumber Camp |
| 17:27 | Create | Villager (Male) |
| 17:32 | Create | Spearman |
| 17:33 | Create | Spearman |
| 18:03 | Build | Farm |
| 18:17 | Create | Spearman |
| 18:20 | Create | Villager (Male) |
| 18:29 | Create | Villager (Male) |
| 18:52 | Build | Farm |
| 18:54 | Create | Villager (Male) |
| 19:11 | Create | Villager (Male) |
| 19:15 | Build | Farm |
| 19:23 | Build | House |
| 19:24 | Build | House |
| 19:32 | Research | Town Watch |
| 19:37 | Build | Farm |
| 19:41 | Create | Villager (Male) |
| 20:03 | Build | Farm |
| 20:10 | Create | Villager (Male) |
| 20:24 | Build | Farm |
| 20:38 | Research | Wheelbarrow |
| 20:57 | Build | Blacksmith |
| 20:59 | Build | Market |
| 21:10 | Create | Spearman |
| 21:11 | Create | Spearman |
| 21:11 | Create | Spearman |
| 21:11 | Create | Spearman |
| 21:27 | Research | Arson |
| 21:32 | Build | Farm |
Match timeline
| 9:06 | DL | EL CABALLERO TEMPLARIO · first_building Barracks |
| 10:08 | DL | EL CABALLERO TEMPLARIO · age_up feudal |
| 10:22 | DL | EL CABALLERO TEMPLARIO · first_building Stable |
| 11:18 | goude vocht uit de hemel · first_building Barracks |
| 12:17 | goude vocht uit de hemel · age_up feudal |
| 16:35 | DL | EL CABALLERO TEMPLARIO · first_building Archery Range |
| 20:50 | DL | EL CABALLERO TEMPLARIO · age_up castle |
| 22:07 | goude vocht uit de hemel · resign |
[ AI ANALYSIS · 1 CREDIT ]
What really happened in this match?
Wolo.gg analyzes every decision: build order, eco, micro, common mistakes by bracket. Personalized analysis on WhatsApp or Discord in 30 seconds.
Civ guide
Persians
Map guide
Arabia
Perfil
Jugador #24586408